Map: Data-C

Players

Gammawatt - Winner!

  • Race: Terran Terran
  • League: Bronze
  • Spawn Location: 9:00

damienlune

  • Race: Protoss Protoss
  • League: Silver
  • Spawn Location: 3:00

VOD

Have the link to the VOD?

Description

Libby's and thors my dude. libby and thors

Time

  • Played on: Sept. 4, 2022, 4:06 p.m.
  • Length: 25:17
Show
View Real Time Build Order
Export as new Build Order

Gammawatt Terran - Winner!

Build Orders: 2 Factory 

Get SALT Encoding   

  12  0:00  SCV  
  13  0:15  Supply Depot  
  13  0:17  SCV  
  14  0:29  SCV  
  15  0:40  Barracks  
  15  0:46  Supply Depot  
  15  0:48  SCV  
  16  0:54  Refinery  
  16  1:14  SCV  
  17  1:26  SCV  
  18  1:39  SCV  
  19  1:43  Refinery  
  19  1:47  Barracks Tech Lab  
  19  1:51  SCV  
  20  2:03  SCV  
  21  2:14  Command Center  
  22  2:15  SCV  
  22  2:20  Factory  
  22  2:27  SCV  
  24  2:30  Reaper  
  24  2:39  SCV  
  25  2:46  Supply Depot  
  25  2:52  SCV  
  26  3:04  SCV  
  27  3:16  SCV  
  28  3:25  Factory  
  28  3:26  Cyclone  
  31  3:28  SCV  
  32  3:40  SCV  
  33  3:58  Cyclone, SCV x2  
  37  4:10  SCV x2  
  39  4:22  SCV x2  
  41  4:25  Refinery  
  41  4:30  Cyclone  
  44  4:33  Factory Tech Lab  
  44  4:34  Factory, SCV  
  44  4:35  SCV  
  46  4:45  Mag-Field Accelerator  
  46  4:46  SCV  
  46  4:47  SCV  
  48  4:56  Barracks  
  48  5:00  Engineering Bay  
  48  5:02  Cyclone x2  
  54  5:08  Orbital Command  
  54  5:22  Refinery  
  54  5:29  Factory Tech Lab  
  54  5:43  Supply Depot x2  
  54  5:51  Missile Turret  
  54  5:58  Missile Turret  
  54  6:05  Cyclone x3, SCV x2  
  65  6:12  Missile Turret  
  65  6:13  Missile Turret  
  65  6:17  SCV x2  
  61  6:18  Missile Turret  
  61  6:21  Missile Turret  
  52  6:29  SCV x2  
  49  6:37  Cyclone  
  32  7:06  Cyclone x2  
  39  7:08  SCV  
  39  7:09  Cyclone, SCV  
  43  7:20  SCV  
  43  7:21  SCV  
  45  7:32  SCV  
  45  7:33  SCV  
  47  7:38  Widow Mine, Cyclone  
  47  7:41  Widow Mine  
  54  7:44  SCV  
  54  7:45  SCV  
  56  7:56  SCV  
  56  7:57  SCV  
  58  8:00  Widow Mine  
  60  8:09  SCV x2  
  62  8:21  SCV  
  63  8:40  Starport  
  63  8:51  SCV  
  63  8:52  SCV  
  65  9:03  SCV  
  65  9:04  SCV  
  67  9:16  SCV x2  
  69  9:18  Command Center  
  69  9:28  SCV  
  69  9:30  Starport Tech Lab  
  70  9:35  Supply Depot  
  70  9:57  Cyclone x2, SCV x2  
  70  9:59  Supply Depot  
  78  10:17  Liberator, Cyclone, SCV x2  
  86  10:29  Cyclone x2, SCV x2  
  94  10:38  Armory  
  94  10:41  SCV x2  
  96  10:45  SCV  
  96  10:49  Cyclone  
  100  10:53  SCV x2  
  102  10:57  SCV  
  102  10:59  Liberator  
  102  11:01  Cyclone x2  
  102  11:09  SCV  
  103  11:21  SCV  
  98  11:33  SCV  
  96  11:47  Liberator  
  99  12:01  SCV x2  
  101  12:03  Refinery  
  101  12:06  Refinery  
  101  12:12  Starport  
  101  12:15  Terran Vehicle Weapons Level 1  
  101  12:19  Fusion Core  
  101  12:26  Armory  
  101  12:29  Liberator  
  101  12:36  Cyclone x3  
  113  12:46  Planetary Fortress  
  113  12:50  Orbital Command  
  113  13:08  Cyclone  
  113  13:10  Starport Tech Lab  
  116  13:21  Supply Depot  
  116  13:24  Supply Depot  
  116  13:25  Command Center  
  116  13:27  Terran Ship Weapons Level 1  
  116  13:28  Advanced Ballistics  
  116  13:42  Liberator  
  116  13:44  Supply Depot  
  116  14:15  Liberator  
  119  14:19  Cyclone x3  
  128  14:25  Liberator  
  131  14:37  SCV x3  
  134  14:39  SCV  
  135  14:49  SCV  
  135  14:50  SCV x2  
  135  14:51  Cyclone x2, SCV  
  145  14:58  Liberator  
  148  15:01  SCV  
  148  15:02  SCV x2  
  148  15:03  SCV  
  152  15:08  Liberator  
  152  15:13  SCV  
  156  15:24  Refinery  
  156  15:27  Refinery  
  156  15:32  Supply Depot  
  156  15:33  Supply Depot  
  156  15:34  Supply Depot  
  156  15:54  Liberator x2, Cyclone x2, SCV x4  
  156  15:55  Cyclone  
  156  15:56  Supply Depot  
  172  15:57  Supply Depot  
  157  16:06  SCV x3  
  160  16:12  Missile Turret  
  160  16:26  Cyclone x2  
  160  16:27  Cyclone  
  151  16:33  Missile Turret  
  151  16:37  Liberator x2  
  121  17:18  SCV  
  121  17:19  Liberator, SCV x2  
  121  17:20  Liberator  
  130  17:31  SCV x3  
  133  17:43  SCV x3  
  130  17:55  SCV x3  
  133  18:07  Thor x3, SCV x3  
  133  18:09  Command Center  
  133  18:11  Factory  
  154  18:18  Factory  
  151  18:21  Factory  
  151  18:39  Liberator x2  
  157  18:49  Thor  
  157  18:50  Thor  
  169  19:02  Factory Tech Lab  
  169  19:03  Factory Tech Lab  
  169  19:05  Thor  
  169  19:09  Factory Tech Lab  
  175  19:14  Refinery  
  175  19:22  Liberator x2  
  181  19:32  Thor x2  
  193  20:05  Liberator  
  196  20:11  Thor  
  196  20:20  Thor  
  184  24:18  Command Center  
Show
View Real Time Build Order
Export as new Build Order

damienlune Protoss 

Build Orders: Chargelot Immortal 

Get SALT Encoding   

  12  0:00  Probe  
  13  0:12  Probe (Chrono Boost)  
  14  0:18  Pylon  
  14  0:24  Probe (Chrono Boost)  
  15  0:36  Gateway  
  15  0:48  Gateway  
  15  0:56  Gateway  
  15  1:01  Probe  
  16  1:04  Assimilator  
  16  1:22  Pylon  
  16  1:28  Cybernetics Core  
  16  1:32  Zealot  
  18  1:42  Zealot  
  18  1:47  Probe (Chrono Boost)  
  21  1:59  Probe (Chrono Boost)  
  22  2:04  Warp Gate, Probe (Chrono Boost)  
  23  2:26  Robotics Facility  
  23  2:31  Probe (Chrono Boost)  
  23  2:34  Assimilator  
  24  2:40  Zealot, Probe (Chrono Boost)  
  24  2:41  Zealot  
  29  2:45  Probe (Chrono Boost)  
  29  2:49  Pylon  
  30  2:56  Pylon  
  30  3:16  Probe  
  31  3:22  Immortal  
  35  3:56  Stalker x2  
  39  4:09  Immortal  
  43  4:25  Zealot x2  
  47  4:35  Pylon  
  47  4:53  Immortal (Chrono Boost)  
  51  5:14  Nexus  
  51  5:25  Observer  
  52  5:35  Zealot  
  54  5:43  Pylon  
  54  5:49  Pylon  
  44  6:29  Zealot x2  
  34  7:03  Immortal (Chrono Boost)  
  38  7:08  Zealot  
  38  7:09  Zealot  
  38  7:13  Twilight Council  
  40  7:32  Immortal (Chrono Boost)  
  40  7:34  Probe (Chrono Boost)  
  45  7:44  Probe (Chrono Boost)  
  46  7:49  Probe (Chrono Boost)  
  47  7:54  Charge (Chrono Boost), Zealot x2  
  51  8:00  Probe (Chrono Boost)  
  51  8:03  Immortal (Chrono Boost)  
  51  8:04  Assimilator  
  56  8:10  Probe (Chrono Boost)  
  57  8:15  Probe (Chrono Boost)  
  58  8:26  Probe  
  58  8:33  Immortal (Chrono Boost)  
  54  8:36  Zealot x2  
  54  8:38  Probe  
  63  9:03  Zealot x2  
  63  9:07  Immortal (Chrono Boost)  
  71  9:31  Zealot  
  71  9:32  Zealot  
  75  9:53  Probe (Chrono Boost)  
  76  10:03  Templar Archives, Probe (Chrono Boost)  
  76  10:04  Zealot x2  
  81  10:08  Probe (Chrono Boost)  
  50  11:47  Gateway  
  50  11:48  Gateway  
  50  11:51  Gateway  
  50  11:54  Gateway  
  50  11:57  Gateway  
  50  11:58  Gateway  
  50  12:00  Gateway  
  50  12:02  Gateway  
  50  12:08  Gateway  
  50  12:09  Gateway  
  50  12:11  Gateway  
  50  12:12  Gateway  
  50  12:26  Assimilator  
  50  12:31  Dark Shrine  
  50  12:33  Immortal (Chrono Boost)  
  54  12:43  Psionic Storm  
  54  13:03  Pylon  
  58  13:05  Immortal  
  58  13:09  Zealot x4  
  58  13:10  Zealot x4  
  58  13:11  Zealot x2  
  58  13:12  Zealot x4  
  86  13:21  Pylon  
  86  13:23  Pylon  
  86  13:37  Stalker x3  
  87  13:44  Immortal  
  88  13:53  Stalker x2  
  90  14:24  Immortal (Chrono Boost), Probe  
  95  14:43  Probe (Chrono Boost)  
  97  14:53  Probe (Chrono Boost)  
  97  14:58  Probe (Chrono Boost)  
  98  15:09  Dark Templar  
  98  15:10  Probe, Dark Templar x4  
  109  15:17  Pylon  
  105  16:08  Zealot x5  
  105  16:09  Zealot x3  
  53  17:25  Stalker x4  
  53  17:26  Stalker x3  
  53  17:27  Stalker x5  
  53  17:28  Stalker x2  
  81  17:49  Nexus  
  81  18:23  Dark Templar x2  
  81  18:24  Dark Templar x2  
  89  18:58  Pylon  
  89  19:01  Pylon  
  89  19:13  Stalker x3  
  95  19:29  Forge  
  95  19:31  Forge  
  95  19:32  Blink  
  95  19:45  Archon x2  
  95  20:00  High Templar x4  
  95  20:01  High Templar x4  
  95  20:02  High Templar x3  
  117  20:09  Archon x2  
  117  20:10  Archon x3  
Tags
 
Matchup
PvT
Opening
2 Factory
Spawn Locations
Cross Positions
Add a new tag
Caveats
  • Supply blocks, unpowered buildings, or Contaminate may cause inaccurate times.
  • Supply counts are checked every 10 seconds.